Map: Орбитальная верфь

Players

Dimecras

  • Race: Protoss Protoss
  • League: Silver

Sjet - Winner!

  • Race: Protoss Protoss
  • League: Silver

VOD

Have the link to the VOD?

Description

Time

  • Played on: Dec. 7, 2015, 1:41 p.m.
  • Length: 20:17
Show
View Real Time Build Order
Export as new Build Order

Dimecras Protoss 

Build Orders: 1 Gate Expand 

Get SALT Encoding   

  12  0:01  Probe (Chrono Boost)  
  13  0:12  Probe (Chrono Boost)  
  14  0:19  Pylon  
  14  0:22  Probe (Chrono Boost)  
  15  0:38  Gateway  
  15  0:39  Probe (Chrono Boost)  
  17  0:50  Probe (Chrono Boost)  
  17  0:57  Assimilator  
  17  1:00  Probe (Chrono Boost)  
  18  1:11  Probe (Chrono Boost)  
  18  1:21  Probe (Chrono Boost)  
  19  1:34  Nexus  
  19  1:39  Cybernetics Core  
  19  1:42  Probe (Chrono Boost)  
  20  1:53  Probe (Chrono Boost)  
  21  1:54  Assimilator  
  21  2:03  Probe (Chrono Boost)  
  22  2:16  Warp Gate  
  22  2:25  Pylon  
  22  2:26  Probe (Chrono Boost)  
  23  2:43  Probe (Chrono Boost), Adept  
  26  2:51  Probe (Chrono Boost)  
  27  2:54  Mothership Core (Chrono Boost)  
  29  2:58  Pylon  
  29  3:01  Probe (Chrono Boost)  
  30  3:10  Adept  
  30  3:12  Probe x2 (Chrono Boost)  
  34  3:15  Robotics Facility  
  34  3:18  Gateway  
  34  3:23  Probe x2 (Chrono Boost)  
  36  3:33  Probe (Chrono Boost)  
  37  3:40  Probe (Chrono Boost)  
  38  3:44  Probe (Chrono Boost)  
  38  3:45  Assimilator  
  39  3:51  Probe (Chrono Boost)  
  40  3:56  Probe (Chrono Boost)  
  40  3:59  Gateway  
  40  4:01  Probe (Chrono Boost)  
  42  4:06  Warp Prism  
  42  4:07  Probe (Chrono Boost)  
  45  4:19  Probe (Chrono Boost)  
  46  4:28  Probe (Chrono Boost)  
  46  4:30  Probe (Chrono Boost), Assimilator  
  48  4:34  Pylon  
  48  4:38  Probe (Chrono Boost)  
  48  4:41  Probe (Chrono Boost)  
  48  4:43  Immortal  
  54  4:52  Probe (Chrono Boost)  
  55  4:53  Stalker x2  
  55  4:58  Adept  
  61  5:08  Probe (Chrono Boost)  
  62  5:22  Gateway  
  62  5:24  Forge  
  62  5:27  Twilight Council  
  62  5:32  Pylon  
  62  5:35  Pylon  
  62  5:37  Pylon  
  62  5:46  Pylon, Protoss Ground Weapons Level 1 (Chrono Boost)  
  62  5:48  Nexus  
  62  5:50  Observer, Assimilator  
  62  5:53  Adept  
  62  5:54  Sentry  
  62  5:55  Sentry  
  62  5:56  Assimilator  
  69  6:00  Probe  
  70  6:11  Immortal  
  70  6:13  Blink (Chrono Boost)  
  74  6:19  Adept  
  74  6:21  Stalker x2  
  74  6:22  Stalker  
  82  6:40  Photon Cannon  
  82  6:43  Photon Cannon  
  82  6:51  Immortal, Robotics Bay  
  86  6:54  Stalker  
  86  6:56  Sentry, Gateway x2  
  90  7:11  Stalker x2  
  94  7:30  Protoss Ground Weapons Level 2  
  94  7:31  Probe  
  95  7:40  Probe x2  
  95  7:41  Probe  
  98  7:45  Stalker  
  98  7:46  Stalker  
  98  7:48  Colossus  
  98  7:51  Extended Thermal Lance  
  108  7:52  Probe  
  109  8:01  Pylon  
  109  8:16  Pylon  
  109  8:18  Probe  
  109  8:19  Probe, Pylon  
  111  8:22  Probe  
  111  8:24  Charge (Chrono Boost)  
  111  8:26  Pylon  
  112  8:27  Pylon  
  112  8:28  Stalker, Probe  
  112  8:29  Zealot  
  117  8:34  Probe  
  117  8:35  Probe  
  117  8:39  Probe  
  120  8:42  Colossus  
  126  8:50  Probe  
  126  8:53  Protoss Air Weapons Level 1 (Chrono Boost)  
  127  9:15  Stargate  
  127  9:17  Probe, Stargate  
  127  9:21  Zealot x3  
  127  9:22  Zealot x3  
  140  9:30  Probe  
  141  9:31  Protoss Ground Weapons Level 3  
  141  9:32  Photon Cannon  
  141  9:33  Photon Cannon  
  141  9:34  Photon Cannon  
  141  9:35  Disruptor  
  141  9:36  Photon Cannon  
  144  9:38  Photon Cannon  
  144  9:43  Pylon  
  144  9:44  Pylon  
  144  9:49  Photon Cannon  
  144  10:10  Fleet Beacon  
  144  10:14  Stalker  
  144  10:15  Stalker x4  
  144  10:16  Stalker  
  156  10:23  Disruptor (Chrono Boost)  
  159  10:36  Protoss Air Weapons Level 2  
  159  10:55  Disruptor (Chrono Boost)  
  162  11:05  Pylon  
  162  11:06  Pylon  
  162  11:07  Pylon  
  162  11:23  Tempest x2  
  170  11:29  Pylon  
  170  11:35  Nexus  
  170  11:38  Pylon  
  170  11:41  Pylon  
  170  11:43  Pylon  
  170  11:47  Assimilator  
  170  11:52  Assimilator  
  170  11:55  Disruptor (Chrono Boost)  
  173  12:05  Tempest x2  
  173  12:07  Gateway  
  181  12:11  Gateway  
  181  12:14  Gateway  
  181  12:16  Gateway  
  181  12:24  Gateway  
  181  12:25  Zealot x5  
  181  12:26  Zealot  
  183  12:48  Tempest  
  123  13:10  Stalker x6  
  123  13:11  Protoss Air Weapons Level 3  
  96  13:32  Tempest  
  96  13:33  Tempest  
  102  13:38  Stalker x5  
  102  13:39  Stalker  
  110  14:00  Protoss Ground Armor Level 1  
  110  14:09  Photon Cannon  
  110  14:10  Stalker x2  
  110  14:11  Photon Cannon  
  110  14:12  Sentry  
  110  14:13  Photon Cannon  
  110  14:16  Photon Cannon  
  116  14:18  Photon Cannon  
  116  14:21  Photon Cannon  
  116  14:32  Stalker x2  
  116  14:33  Stalker  
  116  14:34  Sentry x2  
  116  14:35  Sentry  
  128  14:43  Sentry x2  
  128  14:44  Sentry x2  
  136  14:56  Zealot x3  
  136  14:57  Zealot x2  
  146  15:33  Protoss Air Armor Level 1  
  80  15:56  Stalker x4  
  84  15:57  Stalker x5  
  84  15:58  Stalker  
  70  16:40  Stalker x4  
  70  16:41  Stalker x3  
  70  16:42  Stalker x2  
  70  16:46  Colossus (Chrono Boost)  
  94  16:47  Tempest  
  94  16:51  Sentry  
  90  17:31  Stalker x3  
  90  17:32  Stalker x5, Colossus (Chrono Boost)  
  90  17:33  Stalker x2  
  114  18:19  Colossus (Chrono Boost)  
  120  18:29  Nexus  
  120  18:33  Pylon  
  66  19:05  Colossus (Chrono Boost)  
  72  19:11  Stalker  
  72  19:12  Stalker x3  
  72  19:13  Stalker x2  
  84  19:22  Void Ray  
  84  19:23  Void Ray  
  86  19:41  Stalker  
  73  19:47  Stalker  
  73  19:48  Sentry  
  79  20:05  Zealot x3  
Show
View Real Time Build Order
Export as new Build Order

Sjet Protoss - Winner!

Build Orders: Nexus First 

Get SALT Encoding   

  12  0:02  Probe (Chrono Boost)  
  13  0:15  Pylon  
  13  0:18  Probe (Chrono Boost)  
  14  0:28  Probe (Chrono Boost)  
  15  0:39  Probe (Chrono Boost)  
  16  0:56  Nexus  
  16  1:14  Assimilator  
  16  1:16  Probe (Chrono Boost)  
  17  1:24  Gateway  
  17  1:26  Probe (Chrono Boost)  
  18  1:37  Probe (Chrono Boost)  
  19  1:44  Assimilator  
  19  1:47  Probe (Chrono Boost)  
  20  1:58  Probe (Chrono Boost)  
  22  2:08  Probe (Chrono Boost)  
  22  2:13  Cybernetics Core  
  22  2:21  Probe (Chrono Boost)  
  23  2:32  Probe (Chrono Boost)  
  23  2:34  Probe (Chrono Boost)  
  25  2:42  Probe (Chrono Boost)  
  26  2:44  Probe (Chrono Boost)  
  27  2:51  Warp Gate  
  27  3:01  Gateway  
  27  3:05  Gateway x2  
  27  3:09  Gateway  
  27  3:13  Pylon  
  27  3:14  Pylon  
  27  3:16  Pylon x2  
  27  3:20  Probe (Chrono Boost)  
  27  3:21  Probe (Chrono Boost)  
  29  3:30  Zealot  
  29  3:31  Probe x2 (Chrono Boost)  
  33  3:42  Mothership Core (Chrono Boost), Probe (Chrono Boost)  
  36  3:51  Assimilator  
  36  3:52  Probe (Chrono Boost)  
  37  3:56  Assimilator  
  37  3:57  Stalker  
  37  4:00  Probe (Chrono Boost)  
  40  4:03  Probe (Chrono Boost)  
  41  4:11  Probe (Chrono Boost)  
  41  4:13  Probe (Chrono Boost)  
  43  4:21  Probe (Chrono Boost)  
  43  4:23  Adept x2  
  43  4:24  Probe (Chrono Boost), Adept  
  51  4:26  Adept  
  53  4:32  Probe (Chrono Boost)  
  53  4:34  Probe (Chrono Boost)  
  55  4:42  Probe (Chrono Boost)  
  55  4:45  Probe (Chrono Boost)  
  57  4:53  Probe (Chrono Boost)  
  58  5:05  Pylon  
  58  5:07  Pylon  
  58  5:08  Pylon  
  58  5:10  Robotics Facility  
  58  5:11  Robotics Facility  
  58  5:15  Robotics Facility  
  58  5:30  Probe (Chrono Boost)  
  59  5:39  Stalker x3  
  59  5:40  Stalker x2  
  69  5:45  Nexus  
  69  5:58  Pylon  
  69  6:01  Pylon x2  
  69  6:04  Pylon  
  69  6:05  Warp Prism  
  69  6:08  Immortal  
  75  6:12  Probe (Chrono Boost)  
  75  6:13  Probe (Chrono Boost)  
  77  6:23  Probe x2 (Chrono Boost)  
  77  6:25  Immortal  
  83  6:33  Probe (Chrono Boost)  
  83  6:34  Probe (Chrono Boost)  
  85  6:44  Probe x2 (Chrono Boost)  
  87  6:54  Forge x2  
  87  7:00  Robotics Bay  
  87  7:08  Twilight Council  
  87  7:10  Probe (Chrono Boost)  
  82  7:21  Probe (Chrono Boost)  
  80  7:31  Probe (Chrono Boost)  
  81  7:41  Stalker x4  
  81  7:42  Stalker, Probe (Chrono Boost)  
  92  7:44  Immortal  
  92  7:45  Immortal  
  92  7:46  Immortal  
  92  7:47  Probe (Chrono Boost)  
  105  7:52  Probe (Chrono Boost)  
  105  7:56  Blink  
  105  7:58  Probe (Chrono Boost), Protoss Ground Weapons Level 1  
  107  7:59  Protoss Ground Armor Level 1  
  107  8:08  Probe x2 (Chrono Boost)  
  109  8:14  Probe (Chrono Boost)  
  109  8:18  Extended Thermal Lance  
  109  8:19  Probe x2 (Chrono Boost)  
  112  8:21  Stalker x2  
  112  8:24  Probe (Chrono Boost)  
  117  8:29  Probe (Chrono Boost)  
  118  8:35  Probe (Chrono Boost)  
  118  8:40  Probe (Chrono Boost)  
  120  8:56  Stalker x3  
  120  8:57  Stalker x2  
  120  9:01  Colossus  
  136  9:14  Nexus  
  136  9:17  Pylon  
  136  9:18  Pylon  
  136  9:19  Pylon  
  136  9:20  Pylon  
  136  9:34  Colossus x2  
  148  9:46  Assimilator  
  148  9:51  Assimilator  
  148  10:00  Colossus  
  148  10:03  Protoss Ground Armor Level 2  
  148  10:04  Protoss Ground Weapons Level 2  
  154  10:15  Resonating Glaives  
  154  10:36  Probe (Chrono Boost)  
  154  10:39  Colossus  
  161  10:47  Probe (Chrono Boost)  
  162  10:53  Colossus  
  168  10:57  Probe (Chrono Boost)  
  169  11:05  Colossus  
  169  11:08  Probe (Chrono Boost)  
  176  11:25  Stalker x5  
  186  11:45  Pylon x2  
  186  11:47  Pylon x2  
  186  11:56  Assimilator  
  186  11:58  Assimilator  
  186  12:14  Colossus x2  
  116  13:08  Stalker x5  
  94  13:30  Protoss Ground Weapons Level 3  
  94  13:32  Protoss Ground Armor Level 3  
  88  13:35  Stalker x5  
  96  14:14  Stalker x4  
  96  14:15  Stalker  
  106  14:19  Colossus  
  106  14:20  Colossus x2  
  124  14:45  Nexus  
  124  14:50  Stargate  
  124  14:52  Stargate  
  124  14:56  Stalker x5  
  118  15:38  Stalker x4  
  118  15:39  Stalker  
  100  16:46  Stalker  
  100  16:47  Stalker x4  
  106  16:49  Colossus x2  
  106  16:50  Colossus  
  106  16:52  Protoss Shields Level 1  
  128  16:54  Void Ray  
  128  16:55  Void Ray  
  132  17:34  Stalker x2  
  132  17:35  Stalker x3  
  142  17:39  Void Ray  
  142  17:42  Colossus  
  142  17:43  Colossus x2  
  158  17:51  Void Ray  
  168  18:01  Assimilator  
  168  18:07  Assimilator  
  168  18:29  Void Ray  
  168  18:34  Void Ray  
  172  18:35  Stalker x5  
  172  18:36  Colossus  
  172  18:37  Colossus  
  194  18:47  Nexus  
  169  19:07  Stalker x3  
  169  19:08  Stalker x2  
Tags
 
Add a new tag
Caveats
  • Supply blocks, unpowered buildings, or Contaminate may cause inaccurate times.
  • Supply counts are checked every 10 seconds.